 Dungeon Crawl Stone Soup version 0.25.0-3-gd7cc5688da (webtiles) character file.

Game seed: 15010021208910147324

125 Doot the Firebug (level 5, -3/28 HPs)
             Began as a Tengu Fire Elementalist on June 15, 2020.
             Slain by Crazy Yiuf
             ... wielding a +3 quarterstaff of chaos
              (15 damage)
             ... on level 2 of the Dungeon.
             The game lasted 00:03:17 (1201 turns).

Doot the Firebug (Tengu Fire Elementalist)          Turns: 1201, Time: 00:03:17

Health: -3/28      AC:  2    Str:  8    XL:     5   Next: 9%
Magic:  10/10      EV: 13    Int: 16    God:
Gold:   40         SH:  0    Dex: 15    Spells: 4/9 levels left

rFire    . . .     SeeInvis .   f - +0 short sword
rCold    . . .     Gourm    .   (no shield)
rNeg     . . .     Faith    .   a - +0 robe
rPois    .         Spirit   .   (helmet restricted)
rElec    .         Reflect  .   i - scarf {+Inv}
rCorr    .         Harm     .   (no gloves)
MR       .....                  (boots unavailable)
Stlth    ++........             (no amulet)
HPRegen  0.09/turn              (no ring)
MPRegen  0.12/turn              (no ring)

@: no status effects
A: beak, talons 3, able to fly
a: Fly, Evoke Invisibility


You were on level 2 of the Dungeon.
You were hungry.

You visited 1 branch of the dungeon, and saw 2 of its levels.

You collected 40 gold pieces.

Inventory:

Hand Weapons
 f - a +0 short sword (weapon)
Armour
 a - a +0 robe (worn)
 i - a scarf of invisibility (worn)
Scrolls
 d - a scroll of random uselessness {unknown}
 e - a scroll of remove curse {unknown}
 g - a scroll of noise {unknown}
 h - a scroll of teleportation {unknown}
Potions
 b - a potion of degeneration {unknown}
Comestibles
 c - 5 rations
 j - a chunk of flesh


   Skills:
 + Level 0.3 Fighting
 + Level 1.3 Short Blades
 + Level 2.4 Dodging
 + Level 2.9 Stealth
 + Level 2.7 Spellcasting
 + Level 2.8 Conjurations
 + Level 4.1 Fire Magic


You had 4 spell levels left.
You knew the following spells:

 Your Spells              Type           Power        Failure   Level  Hunger
a - Foxfire               Conj/Fire      ##..         4%          1    #......
b - Sticky Flame          Conj/Fire      ##......     41%         4    #####..

Your spell library contained the following spells:

 Spells                   Type           Power        Failure   Level  Hunger
 Conjure Flame            Conj/Fire      ##......     14%         3    ###....
 Inner Flame              Hex/Fire       #.......     24%         3    ###....
 Fireball                 Conj/Fire      ##........   77%         5    ######.


Dungeon Overview and Level Annotations

Branches:
Dungeon (2/15)

Altars:
Cheibriados
Okawaru

Annotations:
D:2 Crazy Yiuf


Innate Abilities, Weirdness & Mutations

You have a beak for a mouth.
You have claws for feet.
You can fly continuously.


Message History

You see here a mace.
Crazy Yiuf whimpers, "Shower!"
Crazy Yiuf whimpers, "Trifle chair dark!"
Crazy Yiuf sings, "Trees, trees, trees, circus!"
You are feeling hungry.
Crazy Yiuf whimpers, "Goldfish senile snockshim!"
Crazy Yiuf barely misses you.
Crazy Yiuf waves his quarterstaff at you.
Crazy Yiuf screams, "Snoogle!"
Crazy Yiuf says, "Hack canine bag!"
Your magical contamination has completely faded away.
Crazy Yiuf glowers.
Crazy Yiuf screams, "Lugonu bush stair!"
There is an open door here.
Crazy Yiuf says, "Rifle!
Papa agre horse."
Crazy Yiuf cries, "Cards green down!"
Crazy Yiuf waves his quarterstaff at you.
Crazy Yiuf hits you with a +3 quarterstaff of chaos!
Ouch! That really hurt!
You die...

##############
#....#.......#
#############............#
...............@..).....+
###..............g.......#
..............####.......#
.# ..............#
#)......# ..#
♣...#....)....# #......##
..# .♣.....#.....<#
#......####..#
♣.♣....########
#......#.....# .♣.♣...#
#......#.....# _.♣.♣..#
##### #......'.....#


You could see Crazy Yiuf.

Vanquished Creatures
  An ogre (D:2)
  2 oozes (D:2)
  A dart slug (D:1)
  2 leopard geckos (D:1)
  2 ball pythons
  3 bats (D:1)
  2 giant cockroaches (D:1)
  A goblin (D:2)
  5 hobgoblins
  A frilled lizard (D:2)
  5 kobolds
  4 rats
29 creatures vanquished.

Vanquished Creatures (others)
  62 foxfires
62 creatures vanquished.

Grand Total: 91 creatures vanquished

Notes
Turn   | Place    | Note
-------+----------+-------------------------------------------
     0 | D:1      | Doot the Tengu Fire Elementalist began the quest for the
                  | Orb.
     0 | D:1      | Reached XP level 1. HP: 10/10 MP: 4/4
   233 | D:1      | Reached XP level 2. HP: 15/15 MP: 4/6
   754 | D:1      | Reached XP level 3. HP: 19/19 MP: 7/7
   854 | D:2      | Found an iron altar of Okawaru.
   909 | D:2      | Noticed an ogre
   922 | D:2      | Killed an ogre
   922 | D:2      | Reached skill level 1 in Short Blades
   922 | D:2      | Reached skill level 4 in Fire Magic
   922 | D:2      | Reached XP level 4. HP: 24/24 MP: 0/9
  1010 | D:2      | Gained mutation: You can fly continuously. [Tengu growth]
  1010 | D:2      | Reached XP level 5. HP: 28/28 MP: 8/10
  1071 | D:2      | Learned a level 4 spell: Sticky Flame
  1086 | D:2      | Found a snail-covered altar of Cheibriados.
  1143 | D:2      | Found a runed translucent door.
  1144 | D:2      | Noticed Crazy Yiuf
  1201 | D:2      | Slain by Crazy Yiuf

Illustrated notes

Levels and vault maps discovered:
D:1:      minmay_arrival_four_circles, layout_loops_cross, serial_glass,
          glass_columns_a, glass_columns_a, glass_columns_b, glass_columns_a,
          glass_columns_a, glass_columns_a, glass_columns_c, glass_columns_a,
          glass_columns_a, glass_columns_b, nrook_mini_backslash
D:2:      layout_basic, cheibriados_altar_1, okawaru_trees_2, vehumet_crystals,
          first_ration, uniq_crazy_yiuf_cottage

Skill      XL: |  1  2  3 |
---------------+----------+-----
Conjurations   | 2 |  2.8
Short Blades   | 1 |  1.3
Fire Magic     | 4 |  4.1
Fighting       | |  0.3
Dodging        | |  2.4
Stealth        | |  2.9
Spellcasting   | |  2.7

Action                   |  1- 3 |  4- 6 || total
-------------------------+-------+-------++-------
Melee: Short sword       |    12 |       ||    12
       Kick              |     3 |       ||     3
 Cast: Foxfire           |    35 |     6 ||    41
 Stab: Sleeping          |     5 |       ||     5
  Eat: Chunk             |       |     1 ||     1
Armor: Robe              |     9 |       ||     9
Dodge: Dodged            |    11 |     2 ||    13
